[Event "44th Chess Olympiad Women 2022"]
[Site "Chennai"]
[Date "2022.08.01"]
[Round "4.35"]
[White "Steffensen, Elena"]
[Black "Herrera, Marjorie"]
[Result "1-0"]
[WhiteElo "2044"]
[BlackElo "1760"]
[Annotator "NA RC"]
[PlyCount "81"]
[EventDate "2022.??.??"]
[TimeControl "60"]

1. e4 c5 2. Nc3 e6 3. g3 d5 4. d3 Nc6 5. Bg2 Nf6 6. exd5 exd5 7. Nge2 Be7 8.
O-O h5 9. Bg5 d4 10. Bxf6 Bxf6 11. Ne4 Be7 12. Nf4 Bg4 13. Qe1 Kf8 14. h3 Bf5 15. Qe2 Qd7 16. h4 Bg4 17. f3 Bf5 18. Rae1 Re8 19. Qf2 Ne5 20. Re2 f6 21. Rfe1 Ng6 22. Nxc5 Bxc5 23. Rxe8+ Kf7 24. Rxh8 Nxh8 25. Qe2 Bd6 26. Nxh5 g6 27. Nf4 g5 28. hxg5 fxg5 29. Nh5 Bc7 30. f4 Bg4 31. Bf3 Bxf3 32. Qxf3 g4 33. Qe4 Ng6 34. c4 b6 35. Kg2 a5 36. f5 Ne5 37. f6 Qc6 38. Qxc6 Nxc6 39. Re4 Ne5 40.
Rxd4 Kg6 41. Nf4+ 1-0

[Event "44th Chess Olympiad Women 2022"]
[Site "Chennai"]
[Date "2022.08.01"]
[Round "4.36"]
[White "Ayzenberg, Alena"]
[Black "Roepke, Sofia"]
[Result "1/2-1/2"]
[WhiteElo "2023"]
[BlackElo "1869"]
[Annotator "NA RC"]
[PlyCount "84"]
[EventDate "2022.??.??"]
[TimeControl "60"]

1. d4 d5 2. c4 e6 3. Nf3 Nf6 4. g3 dxc4 5. Bg2 a6 6. O-O Nc6 7. Ne5 Nxe5 8. dxe5 Qxd1 9. Rxd1 Nd7 10. f4 Bc5+ 11. Kf1 Rb8 12. a4 b5 13. axb5 axb5 14. Bc6 Ke7 15. Nc3 b4 16. Ne4 Bb6 17. Ra4 Nc5 18.
Rxb4 Nxe4 19. Bxe4 Ba6 20. Ra4 Bb5 21. Ra1 Rhd8 22. Bd2 Bc5 23.
Bc3 Rxd1+ 24. Rxd1 Ba4 25. Ra1 Bb3 26. Ra8 Rxa8 27. Bxa8 Kd7 28. Be4 h6 29. Ke1 Bg1 30. h3 Be3 31. h4 Ba4 32. h5 Bb3 33.
Kf1 Bd1 34. Ke1 Bb3 35. Bb4 c5 36. Bc3 Ba4 37. Kf1 Bd1 38.
Ke1 Bb3 39. Kf1 Bd1 40. Ke1 Bb3 41. Bd2 Bd4 42. Bc3 Be3 1/2-1/2

[Event "44th Chess Olympiad Women 2022"]
[Site "Chennai"]
[Date "2022.08.01"]
[Round "4.36"]
[White "Machlik, Monika"]
[Black "Quevedo, Andreina"]
[Result "1-0"]
[WhiteElo "2111"]
[BlackElo "1841"]
[Annotator "NA RC"]
[PlyCount "77"]
[EventDate "2022.??.??"]
[TimeControl "60"]

1. d4 Nf6 2. c4 e6 3. Nc3 Bb4 4. Qc2 Nc6 5. Nf3 d6 6. Bd2 O-O 7. a3 Bxc3 8. Bxc3 Re8 9. e3 a5 10. b3 Qe7 11. Be2 e5 12. dxe5 dxe5 13.
O-O Bg4 14. Rfd1 Red8 15. Qb2 e4 16. Nd4 Nxd4 17. Bxd4 Bxe2 18. Qxe2 b6 19. Bb2 Rxd1+ 20. Rxd1 Rd8 21. h3 Rd6 22. Rxd6 Qxd6 23. Bxf6 Qxf6 24. Qg4 Qa1+ 25. Kh2 Qe5+ 26. Qg3 Qe7 27. a4 f5 28. Qf4 Qd7 29. Qe5 Kf7 30. Kg3 g5 31. h4 Kg6 32. hxg5 Kxg5 33. f3 exf3 34. gxf3 h6 35. e4 Qd6 36. f4+ Kg6 37. Qxf5+ Kg7 38. e5 Qd1 39. Qg4+ 1-0

[Event "44th Chess Olympiad Women 2022"]
[Site "Chennai"]
[Date "2022.08.01"]
[Round "4.36"]
[White "Silva Rosas, Natalia"]
[Black "Stanford, Sheila Barth"]
[Result "0-1"]
[WhiteElo "1780"]
[BlackElo "2097"]
[Annotator "NA RC"]
[PlyCount "118"]
[EventDate "2022.??.??"]
[TimeControl "60"]

1. e4 c5 2. Nf3 e6 3. d3 Nc6 4. g3 d5 5. Qe2 Nf6 6. Bg2 Be7 7. O-O O-O 8. e5 Nd7 9. c4 d4 10. Nbd2 a6 11. h4 Rb8 12. Re1 Re8 13. Nb3 Nf8 14. h5 Bd7 15.
Bf4 b5 16. Nbd2 bxc4 17. Nxc4 Nb4 18. a3 Nd5 19. Bc1 Bb5 20.
Nfd2 Nd7 21. Qg4 Bxc4 22. dxc4 N5b6 23. Be4 Qc7 24. f4 Na4 25. Rb1 Red8 26. h6 g6 27. Bc2 Nab6 28. b3 d3 29. Bd1 Nf8 30. Bb2 a5 31. a4 Nc8 32. Bf3 Na7 33. Be4 Nc6 34. Re3 Nd4 35.
Bxd3 Nc2 36. Rf3 Nb4 37. Bxg6 fxg6 38. Ne4 Rd3 39. Nf6+ Bxf6 40. exf6 Qd7 41. f7+ Kxf7 42. Rbf1 Rxf3 43. Qxf3 Qd3 44. Qg2 Rd8 45. g4 Qe3+ 46. Qf2 Qxf2+ 47. Rxf2 Rd1+ 48. Rf1 Rxf1+ 49. Kxf1 Nd7 50. Ke2 e5 51. Bc1 Ke6 52. Be3 Nc6 53. Kd3 exf4 54. Bxf4 Nde5+ 55. Ke4 Nxg4 56. Kf3 Kf5 57. Bd6 Nd4+ 58. Kg3 Nxb3 59. Bf4 Ne5 0-1

[Event "44th Chess Olympiad Women 2022"]
[Site "Chennai"]
[Date "2022.08.01"]
[Round "4.36"]
[White "Silvera, Pilar"]
[Black "Rodsmoen, Maud"]
[Result "0-1"]
[WhiteElo "1436"]
[BlackElo "1975"]
[Annotator "NA RC"]
[PlyCount "60"]
[EventDate "2022.??.??"]
[TimeControl "60"]

1. e4 c5 2. Nf3 e6 3. d4 cxd4 4. Nxd4 Nc6 5. Nc3 Qc7 6. Ndb5 Qb8 7. Be3 a6 8. Bb6 axb5 9. Nxb5 Bb4+ 10. c3 Ba5 11. Nc7+ Qxc7 12. Bxc7 Bxc7 13. Qg4 Kf8 14. Bb5 Nf6 15. Qe2 g6 16. a4 Kg7 17. h4 h5 18. b4 d5 19. O-O Nxe4 20. Qe3 Nd6 21. Qc5 Bd7 22. Bxc6 bxc6 23. a5 Rhb8 24. Ra3 Nc4 25. Ra2 Bd6 26. Qd4+ e5 27. Qd3 Bf5 28. Qd1 Ra6 29. Re1 Be7 30. Qf3 Bxh4 0-1

[Event "44th Chess Olympiad Women 2022"]
[Site "Chennai"]
[Date "2022.08.01"]
[Round "4.37"]
[White "Barbier, Wiebke"]
[Black "Abaeva, Aiana"]
[Result "0-1"]
[WhiteElo "1970"]
[BlackElo "1595"]
[Annotator "NA RC"]
[PlyCount "106"]
[EventDate "2022.??.??"]
[TimeControl "60"]

1. e4 e5 2. Nf3 Nc6 3. Bc4 Bc5 4. b4 Bb6 5. a4 a6 6. Nc3 Nf6 7. Nd5 d6 8. d3 Ba7 9. Bg5 Be6 10. c3 Bxd5 11. Bxd5 Bb6 12. a5 Ba7 13. Qa4 Qd7 14. Bxf6 gxf6 15. Nh4 Nd8 16. Qd1 c6 17. Bb3 Ne6 18. Qf3 O-O-O 19. O-O-O c5 20. bxc5 Nxc5 21. Bc4 Qa4 22. Kb2 Qxa5 23. Ra1 Na4+ 24. Rxa4 Qxa4 25. Qxf6 Qd7 26. Ra1 Kb8 27. Nf5 Qc6 28. Kc2 Qc7 29. Rb1 b5 30. Bd5 Rhe8 31. Rb3 Bb6 32. Kb2 Ka7 33. f3 Rd7 34. h4 Rc8 35. c4 Qc5 36. Qg5 b4 37. Qd2 a5 38.
Kc2 Qf2 39. Nh6 Qxd2+ 40. Kxd2 Bc5 41. Rb1 Kb6 42. Ra1 Bd4 43. Ra4 b3 44. Nf5 Rb8 45. Kc1 Kc5 46. Kb1 Ra7 47. Nh6 Rb4 48. Ra3 a4 49. Nxf7 Rb8 50. Ng5 Kb4 51. Ra1 Bxa1 52. Kxa1 Kc3 53. c5 Kc2 0-1

[Event "44th Chess Olympiad Women 2022"]
[Site "Chennai"]
[Date "2022.08.01"]
[Round "4.37"]
[White "Goossens, Hanne"]
[Black "Zairbek kyzy, Begimai"]
[Result "1-0"]
[WhiteElo "2159"]
[BlackElo "1949"]
[Annotator "NA RC"]
[PlyCount "80"]
[EventDate "2022.??.??"]
[TimeControl "60"]

1. e4 c6 2. d4 d5 3. e5 c5 4. dxc5 e6 5. a3 Bxc5 6. Nf3 Ne7 7. Bd3 Nd7 8.
O-O Qc7 9. Re1 Nc6 10. b4 Be7 11. Bb2 a6 12. Nbd2 b5 13. Nb3 O-O 14. Nbd4 Nb6 15. Nxc6 Qxc6 16. Nd4 Qc7 17. Qh5 g6 18. Qh6 Re8 19. Nf3 Bf8 20. Qg5 Nc4 21. Bd4 a5 22. c3 Ba6 23. h4 Qd8 24. Qf4 Rc8 25.
g3 Nb2 26. Bc2 Na4 27. Rac1 Qe7 28. Bb1 Nb2 29. Kg2 Nc4 30. h5 Bg7 31. Rh1 Nxa3 32. Bd3 axb4 33. cxb4 Rxc1 34. Rxc1 Nc4 35. Rh1 Qxb4 36. hxg6 hxg6 37. Qh4 Rc8 38. Ng5 Qd2 39. Bxg6 Nd6 40. exd6 Qxd4 1-0

[Event "44th Chess Olympiad Women 2022"]
[Site "Chennai"]
[Date "2022.08.01"]
[Round "4.37"]
[White "Samaganova, Alexandra"]
[Black "De Rycke, Tyani"]
[Result "0-1"]
[WhiteElo "1864"]
[BlackElo "1994"]
[Annotator "NA RC"]
[PlyCount "98"]
[EventDate "2022.??.??"]
[TimeControl "60"]

1. c4 e5 2. e3 Nc6 3. a3 g6 4. b4 Bg7 5. Bb2 d6 6. Nf3 f5 7. b5 Nce7 8. c5 Be6 9. cxd6 Qxd6 10. d4 e4 11. Nfd2 Nd5 12. a4 Nge7 13. Na3 O-O 14. Nac4 Qd7 15. Be2 g5 16. g3 Ng6 17. Qc2 h6 18. Ba3 Rfe8 19. Rc1 b6 20.
Bh5 Bf7 21. h4 f4 22. gxf4 gxf4 23. Nf1 Qf5 24. Bd1 Bf6 25. h5 Nh4 26. Rg1+ Kh8 27. Bg4 Qg5 28. Ne5 Bxe5 29. dxe5 fxe3 30. fxe3 Nxe3 31. Qxe4 Neg2+ 32. Kf2 Bd5 33. Qd4 Rxe5 34. Rxc7 Qf6+ 35. Kg3 Re3+ 36. Qxe3 Nxe3 37. Nxe3 Qe5+ 38. Kh3 Qxe3+ 39. Rg3 Bg2+ 40. Kh2 Qf2 41. Bd6 Nf3+ 42. Bxf3 Bxf3+ 43. Kh3 Qf1+ 44. Kh4 Qh1+ 45. Rh3 Qe1+ 46. Rg3 Qe4+ 47. Kh3 Qe6+ 48. Kh4 Qxd6 49. Rcg7 Qf6+ 0-1

[Event "44th Chess Olympiad Women 2022"]
[Site "Chennai"]
[Date "2022.08.01"]
[Round "4.37"]
[White "Sovetbekova, Nurai"]
[Black "Barbier, Astrid"]
[Result "0-1"]
[WhiteElo "1693"]
[BlackElo "1879"]
[Annotator "NA RC"]
[PlyCount "76"]
[EventDate "2022.??.??"]
[TimeControl "60"]

1. d4 d5 2. c4 e6 3. Nf3 Nf6 4. g3 dxc4 5. Qa4+ Nbd7 6. Bg2 a6 7. Qxc4 b5 8. Qc2 Bb7 9. O-O Bd6 10. a3 O-O 11. b4 Nb6 12. Nbd2 a5 13.
bxa5 Rxa5 14. e4 Be7 15. Bb2 Na4 16. e5 Nd5 17. Nb3 Ra7 18.
Nc5 Nxc5 19. dxc5 Qa8 20. Nd4 Bc6 21. Be4 g6 22. Nxc6 Qxc6 23.
Rfd1 Ra4 24. Rd4 Rfa8 25. Bxd5 exd5 26. Qd3 Rxd4 27. Bxd4 Ra4 28. Rc1 Qa8 29. Rc3 c6 30. Qe3 Qc8 31. Rb3 Qf5 32. Kg2 Bg5 33. f4 Qc2+ 34. Kh3 Qf5+ 35. Kg2 Be7 36. Rc3 Qb1 37. Qd2 Qe4+ 38. Kh3 Qxd4 0-1

[Event "44th Chess Olympiad Women 2022"]
[Site "Chennai"]
[Date "2022.08.01"]
[Round "4.38"]
[White "Buhagiar, Melita Sunan"]
[Black "Wafa, Shahenda"]
[Result "0-1"]
[WhiteElo "1431"]
[BlackElo "2115"]
[Annotator "NA RC"]
[PlyCount "90"]
[EventDate "2022.??.??"]
[TimeControl "60"]

1. d4 Nf6 2. Bf4 g6 3. Nc3 d5 4. Nb5 Na6 5. e3 c6 6. Nc3 Nc7 7. Be2 Bg7 8. h4 h5 9. Nf3 Ng4 10. Qd2 Bf5 11. b4 O-O 12. O-O Re8 13.
Ne5 Nxe5 14. Bxe5 f6 15. Bg3 e5 16. Na4 b6 17. Rac1 Ne6 18.
Rfe1 a5 19. dxe5 fxe5 20. c4 d4 21. Rcd1 axb4 22. Qxb4 Bc2 23. Nxb6 Bxd1 24. Rxd1 Rxa2 25. Bf3 Ra6 26. Na4 Qb8 27. Qd2 Rxa4 28. Bxc6 Rxc4 29. Bxe8 Qxe8 30. Qe2 Rc6 31. exd4 exd4 32. Qe4 Kh7 33. f4 Nc7 34. Qf3 Qe3+ 35. Qxe3 dxe3 36. Re1 Bd4 37. Kf1 Rc2 38. Re2 Rc4 39. Be1 Rc1 40. g3 Bc3 41. Rxe3 Rxe1+ 42. Rxe1 Bxe1 43. Kxe1 Kg7 44. Kf2 Kf6 45. Kf3 Kf5 0-1

[Event "44th Chess Olympiad Women 2022"]
[Site "Chennai"]
[Date "2022.08.01"]
[Round "4.38"]
[White "Khantree, Napat"]
[Black "Mona, Khaled"]
[Result "0-1"]
[WhiteElo "1362"]
[BlackElo "2127"]
[Annotator "NA RC"]
[PlyCount "68"]
[EventDate "2022.??.??"]
[TimeControl "60"]

1. d4 d5 2. c4 e6 3. Nc3 Nf6 4. Bg5 Be7 5. e3 O-O 6. Nf3 b6 7. cxd5 exd5 8. Bd3 h6 9. Bh4 Bb7 10. O-O Nbd7 11. Qc2 c5 12. dxc5 Nxc5 13. Rfd1 Rc8 14. Bf5 Ne6 15. Nd4 Nxd4 16. Rxd4 Rc4 17. Rad1 Qa8 18. Qd3 Kh8 19. b3 Rxd4 20. Qxd4 Ng8 21. Ne2 Bxh4 22. Qxh4 d4 23. Rxd4 Bxg2 24. Ng3 Bf3 25. Ne4 Qc6 26. Nd2 Qc1+ 27. Nf1 Be2 28. Bh3 Rc8 29. Qf4 Rc6 30. Qxf7 Qb1 31. f4 Rc1 32. Kf2 Bxf1 33. Rd8 Rc2+ 34. Kf3 Be2+ 0-1

[Event "44th Chess Olympiad Women 2022"]
[Site "Chennai"]
[Date "2022.08.01"]
[Round "4.38"]
[White "Moaataz, Ayah"]
[Black "Burbach, Anya Belle"]
[Result "1/2-1/2"]
[WhiteElo "2119"]
[BlackElo "1375"]
[Annotator "NA RC"]
[PlyCount "92"]
[EventDate "2022.??.??"]
[TimeControl "60"]

1. c4 e5 2. g3 Nc6 3. Nc3 f5 4. Nf3 Nf6 5. d4 e4 6. Nh4 d6 7. Bh3 g6 8. O-O Bg7 9. Rb1 O-O 10. Ng2 h6 11. f3 Qe8 12. d5 Ne5 13. Nb5 Qe7 14. b3 a6 15.
Nd4 Bd7 16. Nf4 c5 17. Nde6 Rfc8 18. Nxg6 Nxg6 19. Bxf5 Nf8 20.
Nxg7 Qxg7 21. fxe4 Bxf5 22. exf5 N8d7 23. Rf4 Re8 24. Rh4 h5 25. Bb2 Ne5 26. Qc2 Re7 27. Rf1 Rae8 28. Qc1 Kf7 29. b4 b6 30. Rhf4 Neg4 31. bxc5 bxc5 32. e4 Rxe4 33. Rxe4 Rxe4 34. Rf4 Qg5 35. h4 Qg8 36. Bxf6 Nxf6 37. Kf2 Qe8 38. Qb1 Rxf4+ 39. gxf4 Ng4+ 40. Kf1 Qe3 41. Qb7+ Kf6 42. Qb2+ Kxf5 43. a4 Kxf4 44. a5 Qf3+ 45. Kg1 Kg3 46. Qh2+ Nxh2 1/2-1/2

[Event "44th Chess Olympiad Women 2022"]
[Site "Chennai"]
[Date "2022.08.01"]
[Round "4.38"]
[White "Wafa, Shrook"]
[Black "Chuemsakul, Sarocha"]
[Result "1/2-1/2"]
[WhiteElo "2141"]
[BlackElo "1684"]
[Annotator "NA RC"]
[PlyCount "87"]
[EventDate "2022.??.??"]
[TimeControl "60"]

1. e4 e5 2. Nf3 Nc6 3. Bb5 a6 4. Ba4 d6 5. O-O Bd7 6. c3 Nf6 7. Re1 g6 8. d4 b5 9. Bb3 Bg7 10. Nbd2 O-O 11. a4 exd4 12. cxd4 Nb4 13. e5 dxe5 14. dxe5 Nfd5 15. Ne4 Bg4 16. Bg5 Qd7 17. Nf6+ Bxf6 18. exf6 Qf5 19. Bh6 Rfe8 20. axb5 axb5 21. Rxa8 Rxa8 22. Qe2 Qd7 23. h3 Bxf3 24. Qxf3 c5 25. Bd2 Rd8 26. Bxb4 Nxb4 27. Re7 Qd3 28. Bxf7+ Kf8 29. Qxd3 Nxd3 30. b3 Rd6 31. Re6 Rxe6 32. Bxe6 Nf4 33. Bd7 b4 34. g4 g5 35. h4 h6 36. hxg5 hxg5 37. f3 Ne2+ 38.
Kf2 Nd4 39. f4 gxf4 40. g5 Kf7 41. Bg4 Kg6 42. Bd7 Kf7 43.
Bg4 Kg6 44. Bd7 1/2-1/2

[Event "44th Chess Olympiad Women 2022"]
[Site "Chennai"]
[Date "2022.08.01"]
[Round "4.39"]
[White "Berzina, Ilze"]
[Black "Shaba, Linda Dalitso"]
[Result "1/2-1/2"]
[WhiteElo "2141"]
[BlackElo "1658"]
[Annotator "NA RC"]
[PlyCount "66"]
[EventDate "2022.??.??"]
[TimeControl "60"]

1. b3 e5 2. Bb2 d6 3. g3 g6 4. Bg2 Bg7 5. d4 exd4 6. Bxd4 Bxd4 7. Qxd4 Qf6 8.
Qxf6 Nxf6 9. Nc3 Nc6 10. e4 a6 11. O-O-O Bd7 12. Nh3 O-O-O 13. Nf4 Ng4 14. Rd2 f5 15. exf5 Bxf5 16. h3 Nge5 17. g4 g5 18. Nfd5 Bd7 19. Ne4 h6 20. f4 gxf4 21. Nxf4 Rhf8 22. Rf1 Rde8 23. Rdf2 Nd4 24. Nd5 Rxf2 25. Rxf2 Bc6 26. Nef6 Rf8 27. Kd1 Bxd5 28. Bxd5 c6 29. Bg2 d5 30. Rf4 Ne6 31. Rf5 Nd7 32. Nxd7 Kxd7 33. Rxf8 Nxf8 1/2-1/2

[Event "44th Chess Olympiad Women 2022"]
[Site "Chennai"]
[Date "2022.08.01"]
[Round "4.39"]
[White "Charinda, Kudzanayi"]
[Black "Rogule, Laura"]
[Result "0-1"]
[WhiteElo "1719"]
[BlackElo "2292"]
[Annotator "NA RC"]
[PlyCount "56"]
[EventDate "2022.??.??"]
[TimeControl "60"]

1. e4 c5 2. Nf3 e6 3. d4 cxd4 4. Nxd4 Nf6 5. Nc3 Nc6 6. Nxc6 bxc6 7. Bd3 e5 8. O-O Be7 9. Kh1 d6 10. Qe2 Be6 11. f4 Rb8 12. b3 O-O 13.
f5 Bc8 14. g4 d5 15. exd5 cxd5 16. g5 e4 17. Bb5 a6 18. Ba4 Ne8 19. f6 Bb4 20. Bd2 e3 21. Be1 Bb7 22. Kg1 d4 23. Rf4 Bxc3 24. Rf5 Bxa1 25. Bb4 d3 26. cxd3 Bf3 27. Qe1 Rxb4 28. Qxb4 Qd4 0-1

[Event "44th Chess Olympiad Women 2022"]
[Site "Chennai"]
[Date "2022.08.01"]
[Round "4.39"]
[White "Jansone, Melanija Luize"]
[Black "Zengeni, Tatenda Melisa"]
[Result "1/2-1/2"]
[WhiteElo "1584"]
[BlackElo "1553"]
[Annotator "NA RC"]
[PlyCount "64"]
[EventDate "2022.??.??"]
[TimeControl "60"]

1. e4 d5 2. exd5 Qxd5 3. Nc3 Qa5 4. d4 c6 5. Bd2 Qc7 6. Bd3 Nf6 7. h3 e6 8. Nf3 Bd6 9. Qe2 Nbd7 10. Ng5 Nf8 11. Nge4 Be7 12. Qf3 Ng6 13. Nxf6+ Bxf6 14. Bxg6 hxg6 15. Qe4 Qd6 16. Be3 Bd7 17. O-O-O O-O-O 18. Bf4 Qb4 19. a3 Qc4 20. Rd3 g5 21. Bg3 Rhe8 22. Re1 g6 23. Kb1 Bg7 24. Qe3 e5 25. dxe5 Be6 26. Rxd8+ Rxd8 27. Qxa7 Bf8 28. Qa8+ Kc7 29. Qa5+ Kc8 30. Qa8+ Kc7 31. Qa5+ Kc8 32. Qa8+ Kc7 1/2-1/2

[Event "44th Chess Olympiad Women 2022"]
[Site "Chennai"]
[Date "2022.08.01"]
[Round "4.39"]
[White "Mudodo, Refiloe Hazel"]
[Black "Maklakova, Nellija"]
[Result "1/2-1/2"]
[WhiteElo "1604"]
[BlackElo "1819"]
[Annotator "NA RC"]
[PlyCount "117"]
[EventDate "2022.??.??"]
[TimeControl "60"]

1. e4 e6 2. d4 d5 3. Nd2 Nf6 4. e5 Nfd7 5. Bd3 c5 6. c3 Nc6 7. Ne2 g6 8. O-O Bg7 9. Nf3 O-O 10. Bg5 Qc7 11. Qd2 c4 12. Bc2 f6 13.
exf6 Nxf6 14. Ng3 b5 15. a3 a5 16. Bh6 Ng4 17. Bxg7 Qxg7 18. h3 Nh6 19. Rfe1 Ra7 20. Ng5 Nd8 21. Nf1 Nhf7 22. Nh2 h6 23.
Nxf7 Raxf7 24. Nf3 g5 25. Kh2 Nc6 26. Re2 Rf4 27. Ne5 Nxe5 28.
dxe5 Qa7 29. f3 d4 30. cxd4 Rxd4 31. Qe3 Qd7 32. Ree1 Bb7 33. Rad1 Rd8 34. Rxd4 Qxd4 35. Qxd4 Rxd4 36. Rd1 Rxd1 37. Bxd1 b4 38. axb4 axb4 39. Kg3 Bd5 40. Bc2 Kg7 41. Kf2 h5 42. Ke3 h4 43. Kd4 Kf7 44. Be4 Ke7 45. Bc2 Kd7 46. Ba4+ Kc7 47. Bb5 c3 48. bxc3 bxc3 49. Kxc3 Kb6 50. Bc4 Kc5 51. Ba6 Ba2 52. Kd3 Kd5 53. Ke3 Kxe5 54. Bb5 Bb1 55. Bc4 Kf5 56. Bb5 Bc2 57. Bc4 Ba4 58. Bd3+ Ke5 59. Bc4 1/2-1/2

[Event "44th Chess Olympiad Women 2022"]
[Site "Chennai"]
[Date "2022.08.01"]
[Round "4.40"]
[White "Munoz Henriquez, Alba Esther"]
[Black "Mihailova, Alina"]
[Result "0-1"]
[WhiteElo "1588"]
[BlackElo "1926"]
[Annotator "NA RC"]
[PlyCount "62"]
[EventDate "2022.??.??"]
[TimeControl "60"]

1. e4 e5 2. Nf3 Nc6 3. Bb5 a6 4. Ba4 Nf6 5. Qe2 b5 6. Bb3 Be7 7. c3 O-O 8. O-O d5 9. exd5 Nxd5 10. Nxe5 Nxe5 11. Qxe5 Nf6 12. d4 Re8 13. Qg3 Bd6 14. Qd3 c5 15. Bc2 c4 16. Qd1 Qc7 17. h3 Bb7 18.
Nd2 Rad8 19. Nf3 Qc6 20. Bg5 Bb8 21. Re1 h6 22. Rxe8+ Rxe8 23. Be3 Nd5 24. Qd2 Qd6 25. Re1 Ne7 26. Qd1 Qd5 27. Bc1 f5 28.
Qe2 Kf7 29. Nh4 Qd6 30. Qe5 Qc6 31. Bxf5 Bxe5 0-1

[Event "44th Chess Olympiad Women 2022"]
[Site "Chennai"]
[Date "2022.08.01"]
[Round "4.40"]
[White "Petricenco, Ana"]
[Black "Rondon Chacon, Yolys Desiree"]
[Result "1/2-1/2"]
[WhiteElo "1912"]
[BlackElo "1688"]
[Annotator "NA RC"]
[PlyCount "89"]
[EventDate "2022.??.??"]
[TimeControl "60"]

1. e4 d5 2. exd5 Qxd5 3. Nc3 Qd6 4. d4 Nf6 5. Nf3 c6 6. g3 Bg4 7. Bg2 e6 8. O-O Qc7 9. h3 Bh5 10. Re1 Be7 11. Bf4 Qd8 12. Ne2 O-O 13.
c4 Nbd7 14. Nc3 Nb6 15. g4 Bg6 16. Ne5 Nfd7 17. Nxg6 hxg6 18. d5 cxd5 19. cxd5 e5 20. Bxe5 Nxe5 21. Rxe5 Nc4 22. Re4 Nd6 23. Re2 Re8 24. Qd3 Bf6 25. Rae1 Rxe2 26. Rxe2 Rc8 27. Rc2 Qc7 28. Rc1 Qb6 29. Rc2 Qc7 30. Bf3 Qe7 31. Kg2 Qc7 32. Bd1 Qa5 33. Be2 Qc5 34. Kg1 Qa5 35. a3 Bxc3 36. Rxc3 Rxc3 37. Qxc3 Qxd5 38. Bf3 Qe6 39. Kg2 b6 40. Qd3 Qe5 41. b3 Qc5 42. b4 Qe5 43. a4 Qf4 44. b5 Qe5 45. Bc6 1/2-1/2

[Event "44th Chess Olympiad Women 2022"]
[Site "Chennai"]
[Date "2022.08.01"]
[Round "4.40"]
[White "Vasquez Jaen, Lourdes Lorena"]
[Black "Petrenko, Svetlana"]
[Result "0-1"]
[WhiteElo "1653"]
[BlackElo "2029"]
[Annotator "NA RC"]
[PlyCount "68"]
[EventDate "2022.??.??"]
[TimeControl "60"]

1. e4 d6 2. d4 Nf6 3. Nc3 c6 4. f4 Qa5 5. Bd3 e5 6. Nf3 Nbd7 7. O-O Be7 8.
Bd2 Qc7 9. Kh1 O-O 10. Qe1 exd4 11. Nxd4 Nc5 12. h3 Nxd3 13. cxd3 Qb6 14. Nb3 Be6 15. Be3 c5 16. Qd1 Bxb3 17. axb3 Qc6 18. Qf3 Rfd8 19. g4 d5 20. g5 d4 21. gxf6 Bxf6 22. Bxd4 Bxd4 23. Nd5 Kh8 24. Ne7 Qb5 25. Rad1 Qxb3 26. Rd2 a5 27. Nf5 a4 28. Nxd4 Rxd4 29. Rg1 Rg8 30. Qe3 f5 31. e5 Qe6 32. Rc2 Qd5+ 33. Rgg2 Rxd3 34. Rxc5 Qxg2+ 0-1

[Event "44th Chess Olympiad Women 2022"]
[Site "Chennai"]
[Date "2022.08.01"]
[Round "4.40"]
[White "Verbin, Valentina"]
[Black "Chung Hurtado, Yaleika"]
[Result "1-0"]
[WhiteElo "2069"]
[BlackElo "1696"]
[Annotator "NA RC"]
[PlyCount "91"]
[EventDate "2022.??.??"]
[TimeControl "60"]

1. Nf3 Nf6 2. g3 d5 3. Bg2 e6 4. d4 Be7 5. c4 c6 6. O-O O-O 7. Qc2 dxc4 8. Qxc4 Qd5 9. Qc2 Qf5 10. Qb3 Na6 11. Nc3 Qa5 12. Bd2 Qb6 13. Qxb6 axb6 14. e4 b5 15. a3 Rd8 16. Rfe1 Bf8 17. b4 Nb8 18. Bf4 Re8 19. h3 Nbd7 20. Bc7 b6 21. g4 Ra7 22. Bf4 Bb7 23.
Ra2 Rea8 24. Rea1 h6 25. Kf1 Ba6 26. Ke1 c5 27. dxc5 bxc5 28.
Rb1 cxb4 29. axb4 Bb7 30. Rxa7 Rxa7 31. Nd4 e5 32. Ndxb5 Ra8 33. Be3 Rc8 34. Nd5 Rc4 35. Na3 Bxd5 36. Nxc4 Bxc4 37. Kd2 Bb5 38. Kc3 Ne8 39. Bf1 Bxf1 40. Rxf1 Nc7 41. Kc4 f6 42. Rd1 Nb8 43. b5 Ne6 44. Ba7 Ng5 45. Bxb8 Nxe4 46. b6 1-0

[Event "44th Chess Olympiad Women 2022"]
[Site "Chennai"]
[Date "2022.08.01"]
[Round "4.41"]
[White "Al Mansouri, Moza"]
[Black "Raharimanana, Faratiana"]
[Result "1-0"]
[WhiteElo "1606"]
[BlackElo "1707"]
[Annotator "NA RC"]
[PlyCount "67"]
[EventDate "2022.??.??"]
[TimeControl "60"]

1. e4 e5 2. Nf3 Nc6 3. Bb5 Bc5 4. c3 d6 5. d4 exd4 6. cxd4 Bb4+ 7. Nc3 Bd7 8. O-O Nge7 9. Qb3 Bxc3 10. bxc3 Rb8 11. Bd3 O-O 12. Qc2 h6 13. Re1 Bg4 14. Nh4 Nc8 15. Nf5 Bxf5 16. exf5 d5 17. Bf4 Nd6 18. Re3 Re8 19. Rxe8+ Nxe8 20. g4 Qh4 21. f3 h5 22. Bg3 Qg5 23. h3 Qe3+ 24. Kg2 hxg4 25. hxg4 Nd6 26. f6 gxf6 27. Re1 Qg5 28. Rh1 Re8 29. Rh5 Qe3 30. Rxd5 Qe6 31. Rh5 Ne7 32. Qd2 Ng6 33. Qh6 Qxa2+ 34. Bf2 1-0

[Event "44th Chess Olympiad Women 2022"]
[Site "Chennai"]
[Date "2022.08.01"]
[Round "4.41"]
[White "Rakotoniaina Tiana Johanna"]
[Black "Mariam, Essa"]
[Result "0-1"]
[WhiteElo "1529"]
[BlackElo "1591"]
[Annotator "NA RC"]
[PlyCount "86"]
[EventDate "2022.??.??"]
[TimeControl "60"]

1. g3 c5 2. Bg2 g6 3. c4 Bg7 4. Nc3 Nf6 5. Nf3 O-O 6. O-O d6 7. d3 Nc6 8. Bg5 h6 9. Bxf6 Bxf6 10. Qd2 Bg7 11. Rfd1 Kh7 12. a3 a6 13. Rab1 Rb8 14. Nd5 e6 15. Nc3 d5 16. cxd5 exd5 17. b4 cxb4 18. axb4 b5 19. d4 Qd6 20. Na2 Bg4 21. Qb2 Bf5 22. Rbc1 Be4 23. Rc5 a5 24. Ne1 Bxg2 25. Nxg2 Nxb4 26. Nxb4 Qxc5 27. Na6 Qd6 28. Nxb8 Rxb8 29. Ra1 Qb6 30. e3 a4 31. Nf4 Qd6 32. Nd3 Bf8 33. Nc5 Qc6 34. Nxa4 Ra8 35.
Nc3 Rxa1+ 36. Qxa1 b4 37. Na4 b3 38. Nc3 Ba3 39. Nxd5 b2 40.
Qxa3 b1=Q+ 41. Kg2 Qxd5+ 42. Kh3 Qf1+ 43. Kg4 Qf5+ 0-1

[Event "44th Chess Olympiad Women 2022"]
[Site "Chennai"]
[Date "2022.08.01"]
[Round "4.41"]
[White "Razafindrabiaza, Christine"]
[Black "Almaini, Aishah Sarhan"]
[Result "0-1"]
[WhiteElo "1635"]
[BlackElo "1615"]
[Annotator "NA RC"]
[PlyCount "66"]
[EventDate "2022.??.??"]
[TimeControl "60"]

1. d4 Nf6 2. Nf3 g6 3. e3 Bg7 4. Bd3 d6 5. h3 O-O 6. O-O Nbd7 7. c4 e5 8. e4 exd4 9. Nxd4 Nc5 10. Nc3 Re8 11. Re1 a5 12. Nf3 Nfd7 13.
Nd5 c6 14. Ne3 Nxd3 15. Qxd3 Nc5 16. Qd1 Nxe4 17. Qc2 Nc5 18. Bd2 Ne4 19. Rad1 Qf6 20. Qd3 Qxb2 21. Ng4 Bf5 22. Rxe4 Bxe4 23. Qxd6 Rad8 24. Qf4 Bxf3 25. gxf3 Re2 26. Re1 Qxd2 27. Qxd2 Rdxd2 28. Rb1 Rxa2 29. Rxb7 h5 30. Ne3 Rxf2 31. Nd1 Rfd2 32. Rb1 Bd4+ 33. Kf1 Rh2 0-1

[Event "44th Chess Olympiad Women 2022"]
[Site "Chennai"]
[Date "2022.08.01"]
[Round "4.41"]
[White "Rouda Essa, Alserkal"]
[Black "Razafindratina, Mariam Clarisse"]
[Result "1-0"]
[WhiteElo "1874"]
[BlackElo "1318"]
[Annotator "NA RC"]
[PlyCount "35"]
[EventDate "2022.??.??"]
[TimeControl "60"]

1. e4 e5 2. Nf3 Nf6 3. Nxe5 d6 4. Nf3 Nxe4 5. d4 Be7 6.
Bd3 Nf6 7. O-O O-O 8. h3 Be6 9. c4 d5 10. c5 Nc6 11. Nc3 Qd7 12. Bb5 a6 13.
Ne5 Qe8 14. Ba4 Bd7 15. Nxd7 Qxd7 16. a3 b5 17. Bc2 h6 18. Qd3 1-0